 Dungeon Sprint DCSS version 0.24-a0-250-g6074511092 (webtiles) character file.

Game seed: 2133610121023891898

95 Redear the Skirmisher (level 4, -12/55 HPs)
             Began as an Ogre Fighter on Apr 15, 2019.
             Mangled by Menkaure (25 damage)
             ... in the Dungeon (Sprint II: "The Violet Keep of Menkaure").
             The game lasted 00:01:28 (290 turns).

Redear the Skirmisher (Ogre Fighter)                 Turns: 290, Time: 00:01:29

Health: -12/55     AC:  3    Str: 20    XL:     4   Next: 66%
Magic:  4/4        EV: 10    Int: 10    God:
Gold:   243        SH:  9    Dex:  8    Spells: 3/3 levels left

rFire    . . .     SeeInvis .     - Unarmed
rCold    . . .     Gourm    .   b - +0 shield
rNeg     . . .     Faith    .   a - +0 robe
rPois    .         Spirit   .   (helmet restricted)
rElec    .         Reflect  .   (no cloak)
rCorr    .         Harm     .   (gloves unavailable)
MR       .....     NoTele   +   (boots unavailable)
Stlth    +.........             (no amulet)
HPRegen  0.18/turn              (no ring)
MPRegen  0.09/turn              (no ring)

@: hasted, very quick
A: large, unfitting armour, tough skin 1
a: no special abilities


You were in the Dungeon.
You were not hungry.

You visited 1 branch You collected 243 gold pieces.

Inventory:

Armour
 a - a +0 robe (worn)
 b - a +0 shield (worn)
Scrolls
 B - a scroll of blinking {@r4}
Potions
 c - a potion of might {Str+5 DMG+1d10 | @q3}
 h - 2 potions of magic
Comestibles
 z - a ration


   Skills:
 + Level 7.0 Fighting
 + Level 4.8 Dodging
 + Level 4.8 Shields
 + Level 4.3 Unarmed Combat


You had 3 spell levels left.
You didn't know any spells.
Your spell library was empty.

Dungeon Overview and Level Annotations

Branches:
Dungeon (1/1)

Altars:

Shops:
D :[!!:[=%!(=:*(?}

Annotations:
D exclusion: oklob plant, Menkaure


Innate Abilities, Weirdness & Mutations

You are too large for most types of armour.
You have tough skin. (AC +1)


Message History

You take 26 damage, and have 28/55 hp.
MASSIVE DAMAGE!!
You hit Menkaure but do no damage.
Menkaure mumbles some strange words.
Menkaure seems to speed up.
You hit Menkaure but do no damage. Menkaure hits you but does no damage.
You hit Menkaure but do no damage. Menkaure casts a spell at you.
Pain shoots through your body!
You take 5 damage, and have 24/55 hp.
Your shield prevents you from hitting Menkaure.
You block Menkaure's attack.
You hit Menkaure.
Menkaure is lightly damaged.
Menkaure screams, "Why can't you leave me to my rest?"
Menkaure calls on the powers of darkness!
Your body is wracked with pain!
* * * LOW HITPOINT WARNING * * *
You take 11 damage, and have 13/55 hp.
You feel yourself speed up. Menkaure hits you!!
You die...

##########≈≈#++
#########≈≈≈...
.....∩.∩#≈≈≈≈.#
....∩.∩.#≈≈≈≈#
...∩.∩..#≈≈≈≈#
..∩.∩...#≈≈###
.⌠.∩....#≈##.###+#
..∩.∩...#M##..##.##
...∩.∩..@≈'.##'.<.+
....∩.∩.#≈##..##.##
▓▓▓▓▓▓###≈##.###+#
/HH######≈≈### $.H#
##≈≈≈ ∩P$ +#≈# $.
≈≈# ≈≈


You could see an oklob plant, 3 manticores and Menkaure.

Vanquished Creatures
  4 worker ants (D)
4 creatures vanquished.

Vanquished Creatures (others)
  A crocodile (D)
1 creature vanquished.

Grand Total: 5 creatures vanquished

Notes
Turn   | Place    | Note
-------+----------+-------------------------------------------
     0 | D        | Redear the Ogre Fighter began the quest for the Orb.
     0 | D        | Reached XP level 1. HP: 24/24 MP: 1/1
     1 | D        | Noticed a worker ant
     1 | D        | Noticed a worker ant
     1 | D        | Noticed a worker ant
     1 | D        | Noticed a worker ant
    10 | D        | Killed a worker ant
    10 | D        | Reached skill level 5 in Fighting
    10 | D        | Reached skill level 3 in Dodging
    10 | D        | Reached skill level 3 in Shields
    10 | D        | Reached skill level 3 in Unarmed Combat
    10 | D        | Reached XP level 2. HP: 31/35 MP: 2/2
    10 | D        | Reached XP level 3. HP: 38/42 MP: 3/3
    13 | D        | Reached skill level 6 in Fighting
    13 | D        | Reached skill level 4 in Dodging
    13 | D        | Reached skill level 4 in Shields
    17 | D        | Reached XP level 4. HP: 41/53 MP: 4/4
    39 | D        | Reached skill level 7 in Fighting
    39 | D        | Reached skill level 4 in Unarmed Combat
    41 | D        | Killed a crocodile
   270 | D        | Found Junyst's Magic Scroll Emporium.
   270 | D        | Found Ysufur's Weapon Shoppe.
   270 | D        | Found Xoanush's Distillery.
   270 | D        | Found Ruimixkino's Food Shoppe.
   270 | D        | Found Ibriegas's Book Shoppe.
   270 | D        | Found Genamy's Jewellery Emporium.
   271 | D        | Found Rem Juakh's Book Shoppe.
   271 | D        | Found Joyp Git's Distillery.
   271 | D        | Found Casolete's Antique Weapon Shoppe.
   271 | D        | Found Putasik's Gadget Shoppe.
   271 | D        | Found Jiaraq's Jewellery Emporium.
   272 | D        | Found Xaku's Distillery.
   272 | D        | Found Kogodwutz's Antique Armour Emporium.
   273 | D        | Found Idijoss's General Store.
   273 | D        | Found Ytedium's Antique Armour Emporium.
   273 | D        | Noticed a manticore
   274 | D        | Noticed Menkaure
   274 | D        | Noticed a manticore
   274 | D        | Noticed a manticore
   274 | D        | Noticed an oklob plant
   275 | D        | Found Geuwk's Book Shoppe.
   276 | D        | Noticed a soldier ant
   290 | D        | Mangled by Menkaure

Levels and vault maps discovered:
D:        the_violet_keep_of_menkaure [sprint2_stairs_cluster_1,
          sprint2_shoproom, sprint2_temple, sprint2_basic_supplies,
          sprint2_obstacle_7, sprint2_obstacle_4, sprint2_obstacle_1,
          sprint2_obstacle_6, sprint2_obstacle_5, sprint2_timed_cluster_1,
          sprint2_smallroom_cluster_1, sprint2_smallroom_final_cluster_1,
          sprint2_transparent_cluster_1, sprint2_second_timed_cluster_1,
          sprint2_sniper_area_1, sprint2_heavy_combat_area_1,
          sprint2_mutation_trap_area_1, sprint2_forest_area_1,
          sprint2_light_combat_area_1, sprint2_behind_water_1,
          sprint2_near_end_vault_1]

Skill      XL: |  1  2  3  4 |
---------------+-------------+-----
Fighting       | 5 6 7 |  7.0
Dodging        | 3 4 |  4.8
Shields        | 3 4 |  4.8
Unarmed Combat | 3 4 |  4.3

Action                   |  1- 3 |  4- 6 || total
-------------------------+-------+-------++-------
Melee: Unarmed           |    14 |    22 ||    36
  Use: Potion            |     1 |     3 ||     4
Armor: Robe              |     1 |     6 ||     7
Dodge: Dodged            |     4 |     9 ||    13
Block: Shield            |     2 |     7 ||     9

Table legend:
 A = Non-vault XP
 B = Vault XP
 C = Vault XP percentage of total XP
 D = Non-vault monster count
 E = Vault monster count
 F = Vault count percentage of total count
                 A         B        C        D         E       F
            +---------+---------+-------+---------+---------+-------
      Total |       0 |     137 | 100.0 |       0 |       4 | 100.0
            +---------+---------+-------+---------+---------+-------
          D |       0 |     137 | 100.0 |       0 |       4 | 100.0
            +---------+---------+-------+---------+---------+-------
